 Dungeon Crawl Stone Soup version 0.16-a0-3706-g5dff784 (console) character file.

225 MrRokkomies the Insei (level 6, 0/43 HPs)
             Began as an Octopode Transmuter on Jan 19, 2015.
             Succumbed to a scorpion's poison
             ... on level 3 of the Dungeon.
             The game lasted 00:14:02 (2519 turns).

MrRokkomies the Insei (Octopode Transmuter)         Turns: 2519, Time: 00:14:02

Health: 0/43       AC:  1    Str: 10    XL:     6   Next: 1%
Magic:  7/10       EV: 11    Int: 17    God:
Gold:   154        SH:  3    Dex: 12    Spells: 2 memorised, 5 levels left

rFire  . . .     SeeInvis .       - Unarmed
rCold  . . .     Clarity  .     l - +0 buckler
rNeg   . . .     SustAb   .     (helmet restricted)
rPois  .         Gourm    .     (no amulet)
rElec  .         Spirit   .     (no ring)
rCorr  .         Warding  .     (no ring)
rMut   .         Stasis   .     (no ring)
MR     .....                    (no ring)
Stlth  ++........               (no ring)
                                (no ring)
                                (no ring)
                                (no ring)

@: lethally poisoned, not resistant to hostile enchantments, unstealthy
A: almost no armour, amphibious, 8 rings, constrict 8, camouflage 1, gelatinous
body 1
a: no special abilities


You were on level 3 of the Dungeon.
You were not hungry.

You visited 1 branch of the dungeon, and saw 3 of its levels.

You collected 154 gold pieces.

Inventory:

Hand weapons
 b - a +0 blowgun
Missiles
 c - 12 arrows
 e - 16 stones (quivered)
 m - 47 poisoned needles
Armour
 l - a +0 buckler (worn)
Scrolls
 j - 5 scrolls of teleportation
Potions
 h - 4 potions of agility
 i - a potion of resistance
 k - a potion of cancellation
 o - a potion of brilliance
Books
 d - a book of Changes

   Spells                             Type                      Level
   a - Beastly Appendage              Transmutation                1
   b - Sticks to Snakes               Transmutation                2
   c - Spider Form                    Transmutation/Poison         3
   d - Ice Form                       Ice/Transmutation            4
   e - Blade Hands                    Transmutation                5
Comestibles
 a - 4 bread rations
 f - 3 royal jellies
 g - a beef jerky


   Skills:
 * Level 3.7 Fighting
 - Level 2.0 Dodging
 * Level 4.7 Unarmed Combat
 - Level 2.0 Spellcasting
 + Level 2.9 Transmutations


You had 5 spell levels left.
You knew the following spells:

 Your Spells              Type           Power        Failure   Level  Hunger
a - Beastly Appendage     Trmt           ##....       12%         1    #......
b - Spider Form           Trmt/Pois      #.........   67%         3    ###....


Dungeon Overview and Level Annotations

Branches:
Dungeon (3/15)

Altars:
Trog


Innate Abilities, Weirdness & Mutations

You cannot wear most types of armour.
You are amphibious.
You can wear up to eight rings at the same time.
You can use your tentacles to constrict many enemies at once.
Your skin changes colour to match your surroundings (Stealth).
Your rubbery body absorbs attacks (AC +1).


Message History

You feel sick.
* * * LOW HITPOINT WARNING * * *
You feel sick.
You see here a flail.
You kill the scorpion!
You have reached level 6!
Your experience leads to an increase in your attributes!
Your base attributes are Str 10, Int 16, Dex 12.
Increase (S)trength, (I)ntelligence, or (D)exterity?
You feel clever.
* * * LOW HITPOINT WARNING * * *
You feel sick.
Your transformation has ended.
Your +0 buckler unmelds from your body.
* * * LOW HITPOINT WARNING * * *
You feel sick.
There is a lethal amount of poison in your body!
Drink which item? (? for menu, Esc to quit)
Okay, then.
You die...

#.####...)#.....#..
####....).##..#..#....
..###......######.........
.............# ##........
....####......# ###.......#
....#######.### ##.#...##...
#........#..# ##......####.
#........##.# #............
#........##.####....##..####
#........##.#....#.####.# #
#....<...†)@..####.## #.#
#........)#.###.....###.#
#....................##.#
#..._..........#.....##.####
#.......†.##...#.....##.##..
#####.....##................
#.>....#...................
#..<...####................
#......# #........#.......
#......# #....##.##.......
#......# #....##########..


There were no monsters in sight!

Vanquished Creatures
  A scorpion (D:3)
  An orc priest (D:3)
  Terence (D:2)
  A hound skeleton (D:3)
  5 adders
  A giant mite (D:2)
  2 worms (D:2)
  4 orcs (D:3)
  6 giant cockroaches
  4 hobgoblins
  A jackal (D:1)
  4 bats
  4 giant geckos
  4 giant newts
  10 goblins
  6 kobolds
  8 rats
63 creatures vanquished.

Notes
Turn   | Place    | Note
--------------------------------------------------------------
     0 | D:1      | MrRokkomies, the Octopode Transmuter, began the quest for the Orb.
     0 | D:1      | Reached XP level 1. HP: 13/13 MP: 3/3
   303 | D:1      | Reached XP level 2. HP: 12/18 MP: 4/4
   783 | D:2      | Reached XP level 3. HP: 20/24 MP: 4/6
   792 | D:2      | Learned a level 3 spell: Spider Form
  1053 | D:2      | Reached XP level 4. HP: 24/30 MP: 7/7
  1381 | D:2      | Reached skill level 4 in Unarmed Combat
  1572 | D:2      | Noticed Terence
  1667 | D:2      | Killed Terence
  1981 | D:3      | Found a bloodstained altar of Trog.
  2017 | D:3      | Reached XP level 5. HP: 24/36 MP: 9/9
  2515 | D:3      | Reached XP level 6. HP: 3/43 MP: 7/10
  2516 | D:3      | HP: 2/43 [poisoned by a scorpion]
  2519 | D:3      | Succumbed to a scorpion's poison

Action                   |  1- 3 |  4- 6 || total
-------------------------+-------+-------++-------
Melee: Unarmed           |    79 |    83 ||   162
Throw: Stone             |       |     2 ||     2
 Cast: Beastly Appendage |     5 |     4 ||     9
       Spider Form       |       |     3 ||     3
  Use: Scroll            |     5 |     6 ||    11
       Potion            |       |     3 ||     3
 Stab: Sleeping          |     3 |       ||     3
  Eat: Chunk             |       |     6 ||     6
